 Dungeon Crawl Stone Soup version 0.32-a0-42-ga30500b4d3 (webtiles) character file.

Game seed: 16851720740431180982

220 seren the Shooter (level 6, -6/38 HPs)
             Began as a Kobold Hunter on Feb 3, 2024.
             Mangled by Sigmund
             ... wielding a +0 scythe
              (7 damage)
             ... on level 4 of the Dungeon.
             The game lasted 00:05:42 (2848 turns).

seren the Shooter (Kobold Hunter)                   Turns: 2848, Time: 00:05:43

Health: -6/38      AC:  6    Str:  8    XL:     6   Next: 18%
Magic:  6/6        EV: 14    Int: 11    God:
Gold:   176        SH:  0    Dex: 20    Spells: 5/5 levels left

rFire   . . .        a - +0 shortbow
rCold   . . .        (shield currently unavailable)
rNeg    . . .        i - +0 ring mail
rPois   .            h - +0 helmet
rElec   .            (no cloak)
rCorr   .            (no gloves)
SInv    .            (no boots)
Will    .....        (no amulet)
Stlth   ++           (no ring)
HPRegen 0.26/turn    (no ring)
MPRegen 0.10/turn

%: no passive effects
@: confused
A: small, no large weapons, nightstalker 3
a: no special abilities


You were on level 4 of the Dungeon.
You visited 1 branch of the dungeon, and saw 4 of its levels.

You collected 176 gold pieces.

Inventory:

Hand Weapons
 a - a +0 shortbow (weapon)
 b - a +0 whip of holy wrath
Missiles
 r - 6 poisoned darts
Armour
 c - a +0 leather armour
 h - a +0 helmet (worn)
 i - a +0 ring mail (worn)
Magical Staves
 p - a staff of air
Jewellery
 m - an amulet of faith
Scrolls
 g - a scroll of butterflies
 j - a scroll of noise {unknown}
 k - 2 scrolls of immolation
 l - a scroll of vulnerability {unknown}
 n - a scroll of teleportation {!r}
 o - a scroll of amnesia {unknown}
 q - a scroll of enchant armour {unknown}
Potions
 d - 2 potions of brilliance
 e - 2 potions of magic


   Skills:
 + Level 3.7 Fighting
 + Level 6.4 Ranged Weapons
 + Level 4.2 Dodging
 + Level 4.1 Stealth


You had 5 spell levels left.
You didn't know any spells.
Your spell library contained the following spells:

 Spells                   Type           Power      Damage    Failure   Level
 Scorch                   Fire           0%         2d5       86%         2
 Volatile Blastmotes      Fire/Tloc      0%         2d10      97%         3
 Flame Wave               Conj/Fire      0%         2d4       100%        4
 Fulminant Prism          Conj/Alch      0%         3d5       100%        4
 Iskenderun's Mystic Bla  Conj/Tloc      0%         2d3       100%        4
 Manifold Assault         Tloc           0%         N/A       100%        4
 Dispersal                Tloc           0%         N/A       100%        6
 Summon Cactus Giant      Summ           0%         N/A       100%        6
 Disjunction              Tloc           0%         N/A       100%        8


Dungeon Overview and Level Annotations

Branches:
Dungeon (4/15)
 Temple: D:4-7

Altars:
Kikubaaqudgha

Annotations:
D:2 1 runed translucent door, Crazy Yiuf
D:3 exclusion: downstairs
D:4 Sigmund


Innate Abilities, Weirdness & Mutations

You are small and have problems with some larger weapons.
You are completely attuned to the shadows.


Message History

Sigmund says, "Don't worry, I'll kill you fast."
Sigmund casts a spell.
Sigmund flickers and vanishes!
Something hits you but does no damage. The orc hits you with a +0 club.
* * * LOW HITPOINT WARNING * * *
You shoot an arrow. Something hits you.
* * * LOW HITPOINT WARNING * * *
Something hits you.
* * * LOW HITPOINT WARNING * * *
You hear some strange, mumbled words.
You are confused.
You miss the orc. The orc barely misses you.
You hear some strange, mumbled words.
Something tries to affect you, but you resist.
Something hits you.
* * * LOW HITPOINT WARNING * * *
The orc closely misses you. Something hits you!
* * * LOW HITPOINT WARNING * * *
You completely miss something. Something hits you.
* * * LOW HITPOINT WARNING * * *
The orc hits you with a +0 club.
* * * LOW HITPOINT WARNING * * *
The orc wizard gestures wildly while chanting.
The orc wizard flickers and vanishes!
You hear some strange, mumbled words.
You are more confused.
Something hits you but does no damage.
You closely miss something. The orc closely misses you. Something hits you.
* * * LOW HITPOINT WARNING * * *
Something hits you.
* * * LOW HITPOINT WARNING * * *
You completely miss something. Something hits you but does no damage.
Something barely misses you.
You hear some strange, mumbled words.
Something tries to affect you, but you resist.
Something barely misses you.
You completely miss something. Something hits you.
* * * LOW HITPOINT WARNING * * *
Something hits you!
You die...

......#
#.........oo....#
##....#
#..###..#######...
.....# #..# #? ####
##[..# #..# . .....#
#..##.....# ##...#
#.@##)###.#
#...########..##o#)#.$
##.#..........{##.###..
#...............@{.....
#.<#################...
..)# ## ##.# #.# #.#
##.# ...# ####


You could see an orc.

Vanquished Creatures
  An orc priest (D:3)
  An iguana (D:4)
  Jessica (D:2)
  Robin (D:2)
  2 adders (D:2)
  2 dart slugs
  5 orcs
  6 ball pythons
  2 bat zombies (D:3)
  6 endoplasms
  2 giant cockroaches (D:1)
  15 goblins
  6 hobgoblins
  3 jackals (D:1)
  2 quokkas (D:2)
  3 bats
  4 frilled lizards
  2 frilled lizard zombies (D:3)
  8 kobolds
  5 rats (D:1)
77 creatures vanquished.

Vanquished Creatures (others)
  An orc wizard (D:4)
1 creature vanquished.

Grand Total: 78 creatures vanquished

Notes
Turn   | Place    | Note
-------+----------+-------------------------------------------
     0 | D:1      | seren the Kobold Hunter began the quest for the Orb.
     0 | D:1      | Reached XP level 1. HP: 12/12 MP: 1/1
   201 | D:1      | Reached XP level 2. HP: 16/18 MP: 2/2
   439 | D:1      | Reached XP level 3. HP: 22/22 MP: 3/3
   953 | D:2      | Noticed Jessica
   957 | D:2      | Killed Jessica
   958 | D:2      | Reached XP level 4. HP: 27/27 MP: 4/4
   978 | D:2      | Found a runed translucent door.
   981 | D:2      | Noticed Crazy Yiuf
  1142 | D:2      | Noticed Robin
  1228 | D:2      | Killed Robin
  1229 | D:2      | Reached skill level 6 in Ranged Weapons
  1229 | D:2      | Reached XP level 5. HP: 13/32 MP: 5/5
  1453 | D:2      | Found a faded altar of an unknown god.
  1857 | D:3      | weapon
  2090 | D:3      | Found an ancient bone altar of Kikubaaqudgha.
  2659 | D:4      | Reached XP level 6. HP: 36/37 MP: 6/6
  2762 | D:4      | Noticed a black bear
  2773 | D:4      | Noticed an ogre
  2828 | D:4      | Noticed Sigmund
  2848 | D:4      | HP: 1/38 [something (1)]
  2848 | D:4      | Mangled by Sigmund

Illustrated notes

####
#.@#
.....#
....##
..##
..


Turn 1857 on D:3: weapon

Levels and vault maps discovered:
D:1:      psy_arrival_radial01, layout_basic
D:2:      layout_rooms, shapermc_ecumenical_altar_totnotflames,
          uniq_crazy_yiuf_cottage, uniq_robin, uniq_jessica
D:3:      layout_rooms, lemuel_zombie_altar_kikubaaqudgha
D:4:      layout_loops_ring, item_on_display_a, uniq_sigmund

Skill      XL: |  1  2  3  4  5 |
---------------+----------------+-----
Stealth        | 2 3 4 |  4.1
Dodging        | 3 4 |  4.2
Fighting       | 3 |  3.7
Ranged Weapons | 6 |  6.4

Action                     |  1- 3 |  4- 6 || total
---------------------------+-------+-------++-------
  Melee: Whip              |       |     9 ||     9
         Shortbow          |       |     7 ||     7
   Fire: Shortbow          |    70 |   138 ||   208
    Use: Scroll            |       |     5 ||     5
         Potion            |       |     1 ||     1
 Armour: Leather armour    |    10 |    24 ||    34
         Ring mail         |       |    47 ||    47
  Dodge: Dodged            |    16 |    87 ||   103

Table legend: (Time is in decaauts)
 A = Elapsed time spent in this place.
 B = Non-inter-level travel time spent in this place.
 C = Inter-level travel time spent in this place.
 D = Time resting spent in this place.
 E = Time spent auto-exploring this place.
 F = Levels seen in this place.
 G = Mean time per level.
                   A        B        C        D        E       F      G
               +--------+--------+--------+--------+--------+-----+--------+
         Total |   2892 |   2746 |    146 |     71 |   1986 |   4 |  723.0 |
       Dungeon |   2892 |   2746 |    146 |     71 |   1986 |   4 |  723.0 |
               +--------+--------+--------+--------+--------+-----+--------+

Top non-repeatable levels by time:
     D:1: 1021 daAuts
     D:2: 858 daAuts
     D:3: 614 daAuts
     D:4: 398 daAuts
